 Seeded DCSS version 0.29.1-15-g9cfb28693d (webtiles) character file.

Game seed: 1 (custom seed)

46174 Kazon the Carver (level 14, -1/103 HPs)
             Began as a Barachi Fighter on Mar 30, 2023.
             Was the Champion of Okawaru.
             Slain by a death yak (20 damage)
             ... on level 5 of the Lair of Beasts.
             The game lasted 01:18:38 (13038 turns).

Kazon the Carver (Barachi Fighter)                 Turns: 13038, Time: 01:18:38

Health: -1/103     AC: 11    Str: 21    XL:     14   Next: 36%
Magic:  17/19      EV: 20    Int: 11    God:    Okawaru [******]
Gold:   302        SH:  8    Dex: 19    Spells: 13/13 levels left

rFire   + + +      SeeInvis .   s - +6 demon blade (spect)
rCold   + + +      Faith    .   c - +0 buckler
rNeg    . . .      Spirit   .   C - +0 troll leather armour
rPois   +          Reflect  .   l - +0 helmet
rElec   .          Harm     .   F - scarf {rC+ rF+}
rCorr   .          Rampage  .   (no gloves)
Will    +....                   n - +2 pair of boots
Stlth   ++++++....              S - amulet "Odemouw" {Contam rPois rF+++ Regen+ Stlth+}
HPRegen 1.87/turn               N - ring of protection from cold
MPRegen 0.16/turn               j - +6 ring of dexterity

@: heroic, slow
A: amphibious, slowness 1, strong legs 2, +LOS, cold resistance 1, frail 1,
strong 1
a: Hop, Renounce Religion, Heroism, Finesse, Duel


You were on level 5 of the Lair of Beasts.
You worshipped Okawaru.
Okawaru was exalted by your worship.
You visited 3 branches of the dungeon, and saw 17 of its levels.

You collected 1078 gold pieces.
You spent 776 gold pieces at shops.

Inventory:

Hand Weapons
 e - a +2 dagger of venom
 f - the +2 Maxwell's thermic engine {flame, freeze}
   (You found it on level 1 of the Lair of Beasts)

   It burns those it strikes, dealing additional fire damage.
   Big, fiery blades are also staple armaments of hydra-hunters.
   It freezes those it strikes, dealing additional cold damage.
   It can also slow down cold-blooded creatures.
   It becomes more effective when it hits something.
   This effect fades over time.
 s - a +6 spectral demon blade (weapon)
 V - the +12 falchion of Recklessness {vorpal, rPois rF- rC+}
   (Okawaru gifted it to you on level 5 of the Lair of Beasts)

   It inflicts extra damage upon your enemies.
   rF:        It makes you vulnerable to fire.
   rC:        It protects you from cold.
   rPois:     It protects you from poison.
Missiles
 q - a throwing net
 x - 21 boomerangs (quivered)
 B - 6 curare-tipped darts
 I - 38 poisoned darts
Armour
 c - a +0 buckler (worn)
 l - a +0 helmet (worn)
 n - a +2 pair of boots (worn)
 C - a +0 troll leather armour (worn)
 F - a scarf of resistance (worn)
 L - the +6 plate armour "Wiso" {rPois rF++ Str-3 SInv}
   (Okawaru gifted it to you on level 3 of the Lair of Beasts)

   Str:       It affects your strength (-3).
   rF:        It greatly protects you from fire.
   rPois:     It protects you from poison.
   SInv:      It lets you see invisible.
Jewellery
 j - a +6 ring of dexterity (right hand)
 A - a ring of protection from cold
 N - a ring of protection from cold (left hand)
 S - the amulet "Odemouw" (around neck) {Contam rPois rF+++ Regen+ Stlth+}
   (You bought it in a shop on level 8 of the Dungeon)

   [amulet of regeneration]

   rF:        It renders you almost immune to fire.
   rPois:     It protects you from poison.
   Contam:    It causes magical contamination when unequipped.
   Regen:     It increases your rate of health regeneration.
   Stlth:     It makes you more stealthy.
Wands
 D - a wand of mindburst (26)
 E - a wand of flame (29)
 H - a wand of paralysis (23)
 K - a wand of roots (11)
 P - a wand of polymorph (11)
Scrolls
 i - 4 scrolls of identify
 k - a scroll of enchant armour
 o - a scroll of immolation
 p - 2 scrolls of poison {unknown}
 r - 4 scrolls of fog {unknown}
 v - a scroll of magic mapping
 w - a scroll of noise
 y - 5 scrolls of teleportation
 J - 3 scrolls of fear
 O - a scroll of brand weapon
 U - a scroll of silence
Potions
 b - 3 potions of berserk rage
 d - 3 potions of might
 g - a potion of heal wounds
 h - 2 potions of flight
 m - 3 potions of cancellation
 t - a potion of invisibility
 u - 8 potions of lignification {unknown}
 G - 3 potions of curing
 T - 2 potions of haste {unknown}
Miscellaneous
 M - a condenser vane
 Q - a lightning rod (4/4)
 R - a phial of floods


   Skills:
 + Level 12.2(17.2) Fighting
 + Level 4.8(15.0) Short Blades
 + Level 14.6(20.0) Long Blades
 + Level 8.4(13.4) Throwing
 + Level 8.6(13.6) Armour
 + Level 7.3(12.3) Dodging
 + Level 5.4(10.4) Stealth
 + Level 7.2(12.2) Shields
 * Level 7.8 Invocations
 * Level 9.4 Evocations


You had 13 spell levels left.
You didn't know any spells.
Your spell library contained the following spells:

 Spells                   Type           Power      Damage    Failure   Level
 Apportation              Tloc           0%         N/A       43%         1
 Magic Dart               Conj           0%         1d3       43%         1
 Necrotise                Necr           0%         1d4       43%         1
 Sting                    Tmut/Pois      0%         1d3       43%         1
 Poisonous Vapours        Pois/Air       0%         N/A       56%         2
 Mephitic Cloud           Conj/Pois/Air  0%         N/A       80%         3
 Ozocubu's Armour         Ice            0%         N/A       80%         3
 Olgreb's Toxic Radiance  Pois           0%         N/A       99%         4
 Blade Hands              Tmut           0%         N/A       100%        5
 Fireball                 Conj/Fire      0%         3d3       100%        5
 Iskenderun's Battlesphe  Conj           0%         2d6       100%        5
 Metabolic Englaciation   Hex/Ice        0%         N/A       100%        5
 Conjure Ball Lightning   Conj/Air       0%         3x3d6     100%        6
 Iron Shot                Conj/Erth      0%         9d1       100%        6
 Orb of Destruction       Conj           0%         9d5       100%        7
 Ozocubu's Refrigeration  Ice            0%         4d7       100%        7
 Summon Small Mammal      Summ           Unusable   N/A       N/A         1
 Call Imp                 Summ           Unusable   N/A       N/A         2
 Animate Armour           Summ/Erth      Unusable   N/A       N/A         4
 Simulacrum               Ice/Necr       Unusable   N/A       N/A         6

Dungeon Overview and Level Annotations

Branches:
Dungeon (11/15)            Temple (1/1) D:7            Lair (5/5) D:10
 Shoals (0/4) Lair:3       Spider (0/4) Lair:3        Slime (0/5) Lair:4
    Orc: D:9-12

Altars:
Ashenzari
Dithmenos
Elyvilon
Fedhas
Gozag
Hepliaklqana
Kikubaaqudgha
Makhleb
Nemelex Xobeh
Okawaru
Qazlal
Uskayaw
Xom
Jiyva

Shops:
D:3 (   D:8 ?(==   D:10 :


Innate Abilities, Weirdness & Mutations

You are amphibious.
You cover ground slowly.
You can hop long distances.
You have an extended range of vision and can be seen from far away.
Your flesh is cold resistant. (rC+)
You are frail. (-10% HP)
Your muscles are strong. (Str +4, Int/Dex -1)


Message History

The death yak gores you.
* * * LOW HITPOINT WARNING * * *
You hit the death yak but do no damage.
The death yak is heavily wounded.
Your +6 spectral demon blade hits the death yak!
You hit the death yak but do no damage.
The death yak is severely wounded.
Your +6 spectral demon blade hits the death yak!
The yak gores your +6 spectral demon blade but does no damage.
A yak comes into view.
You hit the death yak but do no damage.
The death yak is severely wounded.
Your +6 spectral demon blade barely misses the death yak.
You hit the death yak but do no damage.
The death yak is severely wounded.
Your +6 spectral demon blade hits the death yak!!
The death yak closely misses you.
You slash the death yak!
You kill the death yak!
Okawaru accepts your kill. The yak gores you!
* * * LOW HITPOINT WARNING * * *
Unknown command.
You slash the death yak!
The death yak is lightly wounded.
Your +6 spectral demon blade completely misses the death yak.
You hit the death yak but do no damage.
The death yak is lightly wounded.
Your +6 spectral demon blade hits the death yak!!
The yak gores you!
* * * LOW HITPOINT WARNING * * *
The death yak barely misses you.
Unknown command.
You completely miss the death yak.
The death yak is heavily wounded.
Your +6 spectral demon blade hits the death yak.
The yak closely misses you. You block the death yak's attack.
You gain the combat prowess of a mighty hero.
The death yak gores you!!
You die...

...8......###
##......### #####
##......## ....##
##...###..#
..8....
#...####### ...8..
...###.### ###.8..
..##.††..## #Y...
......#...###
##YY#
.....##.....###§@#
....####........##
#.### ##.###...##
### ##..# ##...#
######..## #...##
..##...## ##..###
#......### ##...##
....##...###
###..###
#...####...##
##....#


You could see a death yak and 2 yaks.

Vanquished Creatures
  Fannar (Lair:2)
  Erolcha (D:10)
  3 catoblepae
  A two-headed ogre (D:9)
  9 death yaks
  An ugly thing (D:11)
  2 manticores (Lair:5)
  5 elephants (Lair:4)
  5 black mambas
  11 cane toads
  Maggie (D:6)
  4 rime drakes
  4 kobold demonologists (D:11)
  15 komodo dragons
  2 trolls (D:10)
  Prince Ribbit (D:9)
  A polar bear (Lair:4)
  17 blink frogs
  5 dream sheep (Lair:4)
  A snapping turtle (Lair:3)
  2 shadows
  A vampire (D:10)
  61 yaks
  5 wyverns
  3 basilisks
  Eustachio (D:5)
  2 steam dragons
  Menkaure (D:5)
  Edmund (D:6)
  2 acid dragons
  16 water moccasins
  5 orc warriors
  An ice beast (D:8)
  5 sky beasts
  2 black bears (D:6)
  5 centaurs
  An ogre (D:6)
  A wolf (D:10)
  2 phantoms (D:6)
  3 kobold brigands
  3 necrophages
  6 bullfrogs
  A gnoll sergeant (D:7)
  10 scorpions
  21 wights
  3 killer bees (D:10)
  3 electric eels
  A howler monkey (D:5)
  2 jellies (D:6)
  6 hounds
  6 orc priests
  A gnoll bouda (D:7)
  6 iguanas
  4 orc wizards
  4 hell rats (Lair:3)
  Robin (D:3)
  15 gnolls
  13 adders
  3 shadow imps
  2 white imps (D:7)
  An ufetubus (D:5)
  4 worms
  35 orcs
  11 endoplasms
  3 giant cockroaches
  16 goblins
  9 hobgoblins
  A jackal (D:4)
  27 kobolds
  2 quokkas
  5 ball pythons
  4 bats
  3 frilled lizards
  6 rats
448 creatures vanquished.

Vanquished Creatures (others)
  An orc (D:7)
  25 fungi
  39 plants
65 creatures vanquished.

Grand Total: 513 creatures vanquished

Notes
Turn   | Place    | Note
-------+----------+-------------------------------------------
     0 | D:1      | Kazon the Barachi Fighter began the quest for the Orb.
     0 | D:1      | Reached XP level 1. HP: 18/18 MP: 1/1
    35 | D:1      | Identified a scroll of acquirement
    35 | D:1      | Acquired a +2 demon blade of venom
   112 | D:1      | Reached XP level 2. HP: 25/25 MP: 2/2
   667 | D:2      | Reached skill level 3 in Long Blades
   667 | D:2      | Reached XP level 3. HP: 30/30 MP: 3/3
   801 | D:2      | Reached XP level 4. HP: 20/38 MP: 4/4
   958 | D:2      | Reached skill level 4 in Long Blades
  1368 | D:3      | Noticed Robin
  1384 | D:3      | Reached XP level 5. HP: 34/43 MP: 5/5
  1386 | D:3      | Killed Robin
  1516 | D:3      | Found Umat's Antique Weapon Boutique.
  1588 | D:3      | Reached skill level 6 in Long Blades
  1588 | D:3      | Reached skill level 5 in Shields
  1588 | D:3      | Reached XP level 6. HP: 52/52 MP: 6/6
  2164 | D:4      | Reached skill level 7 in Long Blades
  2397 | D:4      | Reached XP level 7. HP: 59/59 MP: 7/7
  2464 | D:4      | Found a hazy altar of Hepliaklqana.
  2828 | D:5      | Entered Level 5 of the Dungeon
  2942 | D:5      | Reached XP level 8. HP: 29/67 MP: 8/8
  3285 | D:5      | Noticed Menkaure
  3285 | D:5      | Noticed Eustachio
  3300 | D:5      | Killed Menkaure
  3301 | D:5      | Reached skill level 8 in Long Blades
  3308 | D:5      | Killed Eustachio
  3394 | D:5      | Reached skill level 1 in Evocations
  3755 | D:7      | Found a staircase to the Ecumenical Temple.
  3765 | Temple   | Entered the Ecumenical Temple
  3772 | Temple   | Became a worshipper of Warmaster Okawaru
  3821 | Temple   | Reached XP level 9. HP: 59/72 MP: 9/9
  3850 | D:7      | Found a hide-covered altar of Uskayaw.
  3932 | D:6      | Reached skill level 1 in Invocations
  3971 | D:6      | Reached * piety under Okawaru
  4006 | D:6      | Noticed Edmund
  4024 | D:6      | Killed Edmund
  4025 | D:6      | Reached skill level 5 in Dodging
  4220 | D:6      | Reached ** piety under Okawaru
  4531 | D:6      | Noticed Maggie
  4546 | D:6      | Killed Maggie
  4547 | D:6      | Reached skill level 9 in Long Blades
  4547 | D:6      | Reached XP level 10. HP: 76/82 MP: 11/11
  4897 | D:7      | Reached *** piety under Okawaru
  5017 | D:7      | Found a white marble altar of Elyvilon.
  5178 | D:8      | Found Quzidd's Magic Scroll Emporium.
  5183 | D:8      | Bought a scroll of teleportation for 42 gold pieces
  5331 | D:8      | Found Heidghoki's Jewellery Shop.
  5405 | D:8      | Found Zoxtaeshakh's Jewellery Boutique.
  5770 | D:8      | Found Esumer's Weapon Shop.
  6067 | D:9      | Noticed Prince Ribbit
  6080 | D:9      | Killed Prince Ribbit
  6095 | D:9      | Reached skill level 10 in Long Blades
  6210 | D:9      | Reached **** piety under Okawaru
  6772 | D:9      | Noticed a two-headed ogre
  6782 | D:9      | Killed a two-headed ogre
  6783 | D:9      | Reached XP level 11. HP: 29/89 MP: 13/13
  6978 | D:9      | Reached skill level 5 in Throwing
  7042 | D:10     | Entered Level 10 of the Dungeon
  7169 | D:10     | Identified the +5 long sword of the Land of Plenty {drain,
                  | Dex+3}
  7200 | D:10     | Found a staircase to the Lair.
  7260 | D:10     | Noticed Erolcha
  7266 | D:10     | Killed Erolcha
  7289 | D:10     | Found Juagoaq's Book Shoppe.
  7427 | D:10     | Reached ***** piety under Okawaru
  7602 | D:10     | Reached skill level 5 in Evocations
  7819 | D:10     | Reached skill level 10 in Fighting
  8087 | D:11     | Noticed a green ugly thing
  8095 | D:11     | Killed a green ugly thing
  8096 | D:11     | Reached skill level 11 in Long Blades
  8313 | D:11     | Reached skill level 5 in Invocations
  8420 | D:11     | Reached XP level 12. HP: 67/98 MP: 15/15
  8595 | D:11     | Reached ****** piety under Okawaru
  8923 | D:8      | Bought the amulet "Odemouw" {Contam rPois rF+++ Regen+
                  | Stlth+} for 734 gold pieces
  9032 | Lair:1   | Entered Level 1 of the Lair of Beasts
  9086 | Lair:1   | Received a gift from Okawaru
  9205 | Lair:1   | Found the +2 Maxwell's thermic engine {flame, freeze}
  9764 | Lair:2   | Reached skill level 12 in Long Blades
 10080 | Lair:2   | Noticed Fannar
 10110 | Lair:2   | Killed Fannar
 10110 | Lair:2   | Received a gift from Okawaru
 10116 | Lair:2   | You fall into a shaft and drop 1 floor!
 10204 | Lair:3   | Found a hole to the Spider Nest.
 10294 | Lair:2   | Noticed a catoblepas
 10309 | Lair:2   | Killed a catoblepas
 10413 | Lair:2   | Reached skill level 5 in Stealth
 10548 | Lair:2   | Gained mutation: You can hop long distances. [Barachi
                  | growth]
 10548 | Lair:2   | Reached XP level 13. HP: 106/106 MP: 17/17
 10817 | Lair:3   | Found an ancient bone altar of Kikubaaqudgha.
 10898 | Lair:3   | Identified the +6 plate armour "Wiso" {rPois rF++ Str-3
                  | SInv} (Okawaru gifted it to you on level 3 of the Lair of
                  | Beasts)
 10898 | Lair:3   | Received a gift from Okawaru
 10982 | Lair:3   | Found a staircase to the Shoals.
 10992 | Lair:3   | Reached skill level 13 in Long Blades
 11515 | Lair:4   | Gained mutation: Your flesh is cold resistant. (rC+)
                  | [potion of mutation]
 11515 | Lair:4   | Gained mutation: You are frail. (-10% HP) [potion of
                  | mutation]
 11515 | Lair:4   | Gained mutation: Your muscles are strong. (Str +4, Int/Dex
                  | -1) [potion of mutation]
 11712 | Lair:4   | Identified the +3 battleaxe "Adididghufym" {antimagic, rF+
                  | Will+}
 11860 | Lair:4   | Found a viscous altar of Jiyva.
 11861 | Lair:4   | Found a staircase to the Slime Pits.
 11948 | Lair:5   | Entered Level 5 of the Lair of Beasts
 12065 | Lair:5   | Reached skill level 14 in Long Blades
 12076 | Lair:5   | Identified the +12 falchion of Recklessness {vorpal, rPois
                  | rF- rC+} (Okawaru gifted it to you on level 5 of the Lair
                  | of Beasts)
 12076 | Lair:5   | Received a gift from Okawaru
 12491 | Lair:5   | Reached XP level 14. HP: 102/102 MP: 19/19
 12829 | Lair:5   | Received a gift from Okawaru
 13038 | Lair:5   | Slain by a death yak

Illustrated notes

Levels and vault maps discovered:
D:1:      dpeg_arrival_three_smaller_balls, layout_basic
D:2:      layout_loops_ring
D:3:      layout_basic, serial_shops, nicolae_shop_stone, st_stairs_9,
          minmay_misc_feat_doors, eino_curves_03, uniq_robin
D:4:      minmay_wonky_spiral, layout_basic,
          mainiacjoe_overflow_surrounded_room, minivault_5
D:5:      layout_cave_pods, uniq_menkaure, uniq_eustachio
D:6:      cheibrodos_barr_body, layout_basic, minmay_crystal_room,
          minmay_pentangle, uniq_maggie, uniq_edmund
D:7:      layout_cave_pools, nicolae_uskayaw_murder_on_the_dancefloor,
          elyvilon_altar_4, minmay_temple_entry_purple_smoke
D:8:      layout_basic, serial_shops, shop_statue, kennysheep_little_box, shop,
          nicolae_shop_window_shopping
D:9:      layout_cave_pools, uniq_prince_ribbit1
D:10:     layout_stronghold, erik_lair_island, serial_shops,
          nicolae_shop_statue_plus, uniq_erolcha
D:11:     layout_roguey
Temple:   nicolae_temple_bog_church
Lair:1:   layout_long_grid, fungi_pond_lemuel, cheibrodos_lair_reptile_den
Lair:2:   layout_gridlike, uniq_fannar
Lair:3:   layout_roguey, minmay_shoals_entry_hut,
          nicolae_spider_entry_non_spiders, basic_altar, serial_bayou_crossing
Lair:4:   layout_gridlike, slime_entry_1, serial_rivers,
          chequers_serial_rivers_room_a, chequers_serial_rivers_micro_c,
          chequers_serial_rivers_room_a, chequers_serial_rivers_micro_e,
          minivault_27, grunt_megastairs_3, infiniplex_staircase_pool_2
Lair:5:   evilmike_catoblepas_cave, layout_long_grid

Skill      XL: |  1  2  3  4  5  6  7  8  9 10 11 12 13 14 |
---------------+-------------------------------------------+-----
Fighting       | 4 6 7 8 9 10 11 12 | 12.2
Armour         | 4 7 8 |  8.6
Long Blades    | 3 4 6 7 8 9 10 11 12 14 | 14.6
Short Blades   | 4 |  4.8
Throwing       | 4 5 6 7 8 |  8.4
Dodging        | 4 5 6 7 |  7.3
Stealth        | 3 4 5 |  5.4
Shields        | 5 6 7 |  7.2
Evocations     | 1 3 4 5 7 9 |  9.4
Invocations    | 1 3 5 6 7 |  7.8

Action                   |  1- 3 |  4- 6 |  7- 9 | 10-12 | 13-15 || total
-------------------------+-------+-------+-------+-------+-------++-------
Melee: Demon blade       |    47 |   114 |   287 |   662 |    92 ||  1202
       Long sword        |     1 |       |       |       |       ||     1
       Dagger            |       |       |       |     1 |    26 ||    27
       Double sword      |       |       |       |       |   198 ||   198
Throw: Stone             |       |    27 |    32 |    79 |       ||   138
       Boomerang         |       |     7 |     5 |    55 |    55 ||   122
       Dart              |       |       |       |    63 |    39 ||   102
Invok: Heroism           |       |       |     1 |     7 |     1 ||     9
 Abil: Hop               |     1 |       |       |     1 |     1 ||     3
Evoke: Wand              |       |       |       |    14 |       ||    14
       Lightning rod     |       |       |       |       |     4 ||     4
       Phial of floods   |       |       |       |       |     1 ||     1
       Condenser vane    |       |       |       |       |     1 ||     1
  Use: Scroll            |     1 |       |     3 |     7 |    10 ||    21
       Potion            |       |     1 |     5 |     2 |     1 ||     9
 Stab: Sleeping          |       |       |     1 |     8 |     5 ||    14
       Paralysed         |       |       |       |     5 |       ||     5
       Distracted        |       |       |       |       |     2 ||     2
Armor: Scale mail        |    24 |    32 |    57 |       |       ||   113
       Leather armour    |       |       |    62 |    68 |       ||   130
       Troll leather arm |       |       |       |    39 |    35 ||    74
Dodge: Dodged            |    28 |    66 |   162 |   288 |   117 ||   661
Block: Buckler           |     7 |    30 |    67 |   131 |    42 ||   277
